 Dungeon Crawl Stone Soup version 0.28.0 (webtiles) character file.

Game seed: 7610128687988873292

147 Ablot the Grasshopper (level 5, -2/43 HPs)
             Began as a Gnoll Warper on Feb 15, 2022.
             Shot with an arrow by a centaur (5 damage)
             ... on level 5 of the Dungeon.
             The game lasted 00:09:13 (3077 turns).

Ablot the Grasshopper (Gnoll Warper)                Turns: 3077, Time: 00:09:13

Health: -2/43      AC:  6    Str: 12    XL:     5   Next: 29%
Magic:  10/12      EV: 11    Int: 18    God:
Gold:   52         SH:  0    Dex: 11    Spells: 12/14 levels left

rFire   . . .      SeeInvis .   o - +7 trident "Kenuibb" {vorpal, Fly rPois rCorr Int+5}
rCold   . . .      Faith    .   (no shield)
rNeg    . . .      Spirit   .   p - +0 ring mail {rPois}
rPois   +          Reflect  .   (no helmet)
rElec   .          Harm     .   (no cloak)
rCorr   +          Rampage  .   n - +0 pair of gloves
Will    .....                   (no boots)
Stlth   +.........              (no amulet)
HPRegen 0.14/turn               (no ring)
MPRegen 0.13/turn               (no ring)

@: flying
A: fangs 1, strong nose, distributed training
a: no special abilities


You were on level 5 of the Dungeon.
You visited 1 branch of the dungeon, and saw 4 of its levels.

You collected 52 gold pieces.

Inventory:

Hand Weapons
 o - the +7 trident "Kenuibb" (weapon) {vorpal, Fly rPois rCorr Int+5}
   (You found it on level 2 of the Dungeon)

   It inflicts extra damage upon your enemies.
   Int:       It affects your intelligence (+5).
   rPois:     It protects you from poison.
   Fly:       It grants you flight.
   rCorr:     It protects you from acid and corrosion.
Missiles
 b - 15 arrows
 f - 74 bolts
 i - 3 boomerangs (quivered)
 k - 48 stones
Armour
 n - a +0 pair of gloves (worn)
 p - a +0 ring mail of poison resistance (worn)
Scrolls
 a - 2 scrolls of summoning {unknown}
 c - a scroll of blinking
 d - 2 scrolls of amnesia {unknown}
 e - 3 scrolls of identify {unknown}
 g - 2 scrolls of teleportation {unknown}
 h - 2 scrolls of enchant armour {unknown}
 j - a scroll of fear {unknown}
 m - a scroll of torment {unknown}
Potions
 l - a potion of might {unknown}


   Skills:
 + Level 4.7 Fighting
 + Level 1.4 Short Blades
 + Level 1.4 Long Blades
 + Level 1.4 Axes
 + Level 1.4 Maces & Flails
 + Level 4.7 Polearms
 + Level 1.4 Staves
 + Level 1.4 Slings
 + Level 1.4 Bows
 + Level 1.4 Crossbows
 + Level 2.9 Throwing
 + Level 2.9 Armour
 + Level 4.7 Dodging
 + Level 1.4 Stealth
 + Level 1.4 Shields
 + Level 1.4 Unarmed Combat
 + Level 5.2 Spellcasting
 + Level 1.1 Conjurations
 + Level 1.1 Hexes
 + Level 1.1 Summonings
 + Level 1.1 Necromancy
 + Level 5.5 Translocations
 + Level 1.1 Transmutations
 + Level 1.1 Fire Magic
 + Level 1.1 Ice Magic
 + Level 1.1 Air Magic
 + Level 1.1 Earth Magic
 + Level 1.1 Poison Magic
 + Level 1.6 Invocations
 + Level 1.4 Evocations


You had 12 spell levels left.
You knew the following spells:

 Your Spells              Type           Power      Damage    Failure   Level
a - Blink                 Tloc           48%        N/A       4%          2

Your spell library contained the following spells:

 Spells                   Type           Power      Damage    Failure   Level
 Gell's Gravitas          Tloc           24%        N/A       9%          3
 Lesser Beckoning         Tloc           24%        N/A       9%          3
 Teleport Other           Tloc           24%        N/A       9%          3
 Beastly Appendage        Tmut           16%        N/A       19%         1
 Wereblood                Tmut           8%         N/A       26%         2
 Spider Form              Tmut/Pois      8%         N/A       47%         3
 Manifold Assault         Tloc           24%        N/A       63%         5


Dungeon Overview and Level Annotations

Branches:
Dungeon (3/15)

Altars:
Trog


Innate Abilities, Weirdness & Mutations

You have very sharp teeth.
Your uncanny sense of smell can sniff out nearby items.
Your experience applies equally to all skills.


Message History

No target in view!
You reach down and open the large door.
An ogre comes into view. It is wielding a +0 giant club.
The ogre shouts!
Found 2 poisoned darts.
The ogre enters a dispersal trap!
You blink.
The ogre blinks!
Found 28 sling bullets.
There is a large open door here.
Okay, then.
Okay, then.
Casting: Blink (safe; 4% risk of failure)
Confirm with . or Enter, or press ? or * to list all spells.
You don't know that spell.
The ogre hits you with a +0 giant club!!
Ouch! That really hurt!
Unknown command.
Casting: Blink (safe; 4% risk of failure)
Confirm with . or Enter, or press ? or * to list all spells.
You blink.
A sourceless malevolence fills the Dungeon...
You are sucked into a shaft and drop 2 floors!
The shaft crumbles and collapses.
A centaur comes into view.
The centaur shouts!
Found a stone staircase leading down.
Unknown command.
An iguana comes into view.
The iguana hisses angrily.
The centaur wields a +0 shortbow.
The centaur shoots an arrow.
The arrow barely misses you.
The iguana moves out of view.
The centaur shoots an arrow.
The arrow hits you!
* * * LOW HITPOINT WARNING * * *
The centaur shoots an arrow.
The arrow hits you.
* * * LOW HITPOINT WARNING * * *
Casting: Blink (safe; 4% risk of failure)
Confirm with . or Enter, or press ? or * to list all spells.
You are still too unstable to blink.
You feel stable enough to blink again.
The centaur shoots an arrow.
The arrow hits you.
You die...

#. ##.# #...#
.....## .......
.......###########
..>c......@.......
..........#######.
......###l# .....
..# .... #..# ...
#..# .. #..# .
#..# .#


You could see a centaur and an iguana.

Vanquished Creatures
  An orc priest (D:3)
  A bullfrog skeleton (D:3)
  3 adders
  2 worms (D:2)
  4 dart slugs
  2 orcs (D:3)
  3 endoplasms
  A giant cockroach (D:3)
  4 hobgoblins
  6 jackals
  3 kobolds
  A quokka (D:1)
  3 ball pythons
  A bat (D:3)
  4 frilled lizards
  3 goblins
  9 rats
51 creatures vanquished.

Notes
Turn   | Place    | Note
-------+----------+-------------------------------------------
     0 | D:1      | Ablot the Gnoll Warper began the quest for the Orb.
     0 | D:1      | Reached XP level 1. HP: 20/20 MP: 6/6
   108 | D:1      | Reached XP level 2. HP: 5/26 MP: 7/7
   380 | D:1      | Learned a level 2 spell: Blink
  1136 | D:1      | Reached XP level 3. HP: 31/31 MP: 9/9
  1236 | D:2      | Reached skill level 5 in Spellcasting
  1624 | D:2      | Reached skill level 1 in Invocations
  1658 | D:2      | Found a bloodstained altar of Trog.
  1673 | D:2      | Found a faded altar of an unknown god.
  1750 | D:2      | Identified the +7 trident "Kenuibb" {vorpal, Fly rPois
                  | rCorr Int+5}
  2099 | D:3      | Reached skill level 1 in Short Blades
  2099 | D:3      | Reached skill level 1 in Long Blades
  2099 | D:3      | Reached skill level 1 in Axes
  2099 | D:3      | Reached skill level 1 in Maces & Flails
  2099 | D:3      | Reached skill level 1 in Staves
  2099 | D:3      | Reached skill level 1 in Slings
  2099 | D:3      | Reached skill level 1 in Bows
  2099 | D:3      | Reached skill level 1 in Crossbows
  2099 | D:3      | Reached skill level 1 in Stealth
  2099 | D:3      | Reached skill level 1 in Shields
  2099 | D:3      | Reached skill level 1 in Unarmed Combat
  2099 | D:3      | Reached skill level 1 in Evocations
  2109 | D:3      | Reached XP level 4. HP: 23/38 MP: 11/11
  2115 | D:3      | Reached skill level 1 in Conjurations
  2115 | D:3      | Reached skill level 1 in Hexes
  2115 | D:3      | Reached skill level 1 in Summonings
  2115 | D:3      | Reached skill level 1 in Necromancy
  2115 | D:3      | Reached skill level 1 in Transmutations
  2115 | D:3      | Reached skill level 1 in Fire Magic
  2115 | D:3      | Reached skill level 1 in Ice Magic
  2115 | D:3      | Reached skill level 1 in Air Magic
  2115 | D:3      | Reached skill level 1 in Earth Magic
  2115 | D:3      | Reached skill level 1 in Poison Magic
  2479 | D:3      | Reached XP level 5. HP: 29/43 MP: 12/12
  3069 | D:3      | Noticed an ogre
  3073 | D:3      | You are sucked into a shaft and drop 2 floors!
  3073 | D:5      | Entered Level 5 of the Dungeon
  3073 | D:5      | Noticed a centaur
  3077 | D:5      | Shot with an arrow by a centaur

Illustrated notes

Levels and vault maps discovered:
D:1:      minmay_arrival_five_plusses, layout_basic
D:2:      layout_loops_ring, basic_ecumenical_altar, basic_altar,
          kennysheep_generic_room_12
D:3:      layout_loops_ring, serial_aquarium, aquarium_bridge_long_separate
          [aquarium_subvault_bridge, aquarium_subvault_window,
          aquarium_subvault_wall, aquarium_subvault_bridge,
          aquarium_subvault_bridge, aquarium_subvault_window],
          aquarium_window_1, aquarium_window_corridor_2, aquarium_window_fake,
          aquarium_view_2d, aquarium_view_2e, kennysheep_generic_room_4
D:5:      gammafunk_steamed_eel, layout_loops_ring, lemuel_crystal_altar,
          temple_doors_e, serial_shops, kennysheep_mini_moat,
          kennysheep_little_box, kennysheep_mini

Skill      XL: |  1  2  3  4 |
---------------+-------------+-----
Spellcasting   | 5 |  5.2
Invocations    | 1 |  1.6
Short Blades   | 1 |  1.4
Long Blades    | 1 |  1.4
Axes           | 1 |  1.4
Maces & Flails | 1 |  1.4
Staves         | 1 |  1.4
Slings         | 1 |  1.4
Bows           | 1 |  1.4
Crossbows      | 1 |  1.4
Stealth        | 1 |  1.4
Shields        | 1 |  1.4
Unarmed Combat | 1 |  1.4
Evocations     | 1 |  1.4
Conjurations   | 1 |  1.1
Hexes          | 1 |  1.1
Summonings     | 1 |  1.1
Necromancy     | 1 |  1.1
Transmutations | 1 |  1.1
Fire Magic     | 1 |  1.1
Ice Magic      | 1 |  1.1
Air Magic      | 1 |  1.1
Earth Magic    | 1 |  1.1
Poison Magic   | 1 |  1.1
Fighting       | |  4.7
Polearms       | |  4.7
Throwing       | |  2.9
Armour         | |  2.9
Dodging        | |  4.7
Translocations | |  5.5

Action                   |  1- 3 |  4- 6 || total
-------------------------+-------+-------++-------
Melee: Spear             |   120 |       ||   120
       Bite              |     8 |     1 ||     9
       Punch             |     1 |       ||     1
       Trident           |     8 |    40 ||    48
Throw: Boomerang         |     7 |       ||     7
 Cast: Blink             |       |     1 ||     1
 Stab: Sleeping          |     3 |       ||     3
Armor: Leather armour    |    16 |       ||    16
       Ring mail         |       |     5 ||     5
Dodge: Dodged            |    51 |    16 ||    67
